 Dungeon Crawl Stone Soup version 0.21-a0-522-ga8338f0 (webtiles) character file.

1530 solxrula the Basher (level 8, -12/78 HPs)
             Began as a Troll Berserker on Dec 7, 2017.
             Was an Elder of Trog.
             Mangled by an orc warrior
             ... wielding a +0 halberd
              (14 damage)
             ... on level 6 of the Dungeon.
             The game lasted 00:22:55 (5334 turns).

solxrula the Basher (Troll Berserker)               Turns: 5334, Time: 00:22:56

Health: -12/78     AC:  6    Str: 28    XL:     8   Next: 55%
Magic:  2/2        EV: 11    Int:  3    God:    Trog [****..]
Gold:   363        SH:  0    Dex:  9    Spells: 7/7 levels left

rFire    + . .     SeeInvis .   l - +2 mace (antimagic)
rCold    . . .     Gourm    +   (no shield)
rNeg     . . .     Faith    .   b - +1 animal skin
rPois    .         Spirit   .   (helmet restricted)
rElec    .         Reflect  .   (no cloak)
rCorr    .         Harm     .   (gloves unavailable)
MR       +....                  (boots unavailable)
Stlth    +.........             (no amulet)
HPRegen  0.63/turn              e - ring of protection from magic
MPRegen  0.08/turn              s - ring of protection from fire

@: about to teleport
A: large, unfitting armour, claws 3, fast metabolism 3, gourmand, regeneration
1, shaggy fur 1, tough skin 2
a: Berserk, Trog's Hand, Brothers in Arms, Burn Spellbooks, Renounce Religion


You were on level 6 of the Dungeon.
You worshipped Trog.
Trog was greatly pleased with you.
You were not hungry.

You visited 1 branch of the dungeon, and saw 6 of its levels.

You collected 363 gold pieces.

Inventory:

Hand Weapons
 a - a +0 mace
 l - a +2 antimagic mace (weapon)
Armour
 b - a +1 animal skin (worn)
Jewellery
 e - a ring of protection from magic (left claw)
 n - an uncursed ring of fire
 s - a ring of protection from fire (right claw)
 w - an uncursed ring of positive energy {unknown}
 y - an uncursed amulet of magic regeneration {unknown}
Wands
 u - a wand of polymorph (18)
Scrolls
 d - 7 scrolls of teleportation
 f - a scroll of fog
 g - 3 scrolls of remove curse
 o - 2 scrolls of enchant armour
 p - 2 scrolls of identify
 q - a scroll of magic mapping
 z - a scroll of immolation {unknown}
Potions
 i - 4 potions of curing
 k - a potion of flight
 m - 2 potions of lignification
 t - a potion of heal wounds
 v - a potion of might {unknown}
 x - a potion of mutation {unknown}
Comestibles
 c - 6 bread rations
 h - 2 royal jellies
 j - 5 meat rations
 r - 2 fruits


   Skills:
 + Level 3.9 Fighting
 * Level 8.8 Maces & Flails
 + Level 3.9 Dodging
 + Level 1.0 Stealth


You had 7 spell levels left.
You didn't know any spells.

Dungeon Overview and Level Annotations

Branches:
Dungeon (6/15)             Temple (0/1) D:5

Altars:
Cheibriados
Dithmenos
Fedhas
Makhleb
Nemelex Xobeh
Qazlal
Trog
Uskayaw
Xom
Zin

Shops:
D:4 [=}[


Innate Abilities, Weirdness & Mutations

You are too large for most types of armour.
You have claws for hands.
Your metabolism is lightning-fast.
You like to eat raw meat.
Your natural rate of healing is unusually fast.
You are covered in fur. (AC +1)
You have very tough skin. (AC +2)


Message History

The orc warrior closely misses you.
Things that are here:
a hand axe; an orc corpse You barely miss the orc warrior.
The orc warrior hits you with a halberd!
You hit the orc warrior but do no damage.
You barely miss the orc warrior.
The orc warrior hits you with a halberd!
* * * LOW HITPOINT WARNING * * *
You feel better.
The orc wizard looks braver for a moment.
The orc warrior hits you with a halberd!
You hit the orc warrior.
The orc warrior is lightly wounded.
The orc warrior hits you with a halberd!!
* * * LOW HITPOINT WARNING * * *
As you read the scroll of teleportation, it crumbles to dust.
You feel strangely unstable.
The orc warrior hits you with a halberd!
You die...

.....#.........
.....#...##....
######'#########
#..........######+#
#..........##.....#
#.................#
.
#....##....##.....#
..
#######....##.>...#
.<. #....'@o....#
.... #....##..o..#
.....
#....##.....#......
+.....#.....'......
#.....#.....#......
#.....#.....# .....
#.....#.....# ....
##### ####### ...
##


You could see an orc warrior and an orc wizard.

Vanquished Creatures
  Pikel (D:6)
  A wyvern (D:6)
  A phantom (D:4)
  2 ogres (D:4)
  A bullfrog (D:6)
  Blork the orc (D:4)
  3 hounds
  2 orc priests
  2 bullfrog skeletons
  A jelly (D:6)
  2 orc wizards
  An iguana (D:5)
  A worker ant zombie (D:6)
  5 adders
  A howler monkey skeleton (D:4)
  2 oozes
  An adder skeleton (D:4)
  4 worms
  3 dart slugs
  4 leopard geckos
  15 orcs
  7 bats
  3 giant cockroaches
  7 goblins
  8 hobgoblins
  16 jackals
  12 kobolds
  4 quokkas
  A ball python (D:4)
  A ball python zombie (D:5)
  5 frilled lizards
  A jackal skeleton (D:4)
  9 rats
128 creatures vanquished.

Notes
Turn   | Place    | Note
-------+----------+-------------------------------------------
     0 | D:1      | solxrula the Troll Berserker began the quest for the Orb.
     0 | D:1      | Reached XP level 1. HP: 22/22 MP: 0/0
   195 | D:1      | Reached skill level 3 in Maces & Flails
   212 | D:1      | Reached XP level 2. HP: 29/29 MP: 1/1
   567 | D:1      | Reached ** piety under Trog
   573 | D:1      | Reached XP level 3. HP: 25/36 MP: 2/2
  1393 | D:2      | Reached skill level 4 in Maces & Flails
  1527 | D:2      | Reached XP level 4. HP: 44/44 MP: 3/3
  2421 | D:3      | Reached *** piety under Trog
  2437 | D:3      | Reached XP level 5. HP: 26/50 MP: 4/4
  2587 | D:3      | Found a shadowy altar of Dithmenos.
  2627 | D:3      | Reached skill level 5 in Maces & Flails
  2970 | D:3      | Found a snail-covered altar of Cheibriados.
  2970 | D:3      | Found a hide-covered altar of Uskayaw.
  3115 | D:4      | Noticed a phantom
  3142 | D:4      | Noticed an ogre
  3147 | D:4      | Killed an ogre
  3147 | D:4      | Reached XP level 6. HP: 20/61 MP: 1/5
  3411 | D:4      | Found a blossoming altar of Fedhas.
  3411 | D:4      | Noticed Blork the orc
  3429 | D:4      | Killed Blork the orc
  3429 | D:4      | Reached skill level 6 in Maces & Flails
  3443 | D:4      | Found a stormy altar of Qazlal.
  3502 | D:4      | Reached XP level 7. HP: 63/67 MP: 2/6
  3504 | D:4      | Found Usewkon's Antique Armour Emporium.
  3618 | D:4      | Reached **** piety under Trog
  3679 | D:4      | Found Noconosh's Jewellery Shop.
  3681 | D:4      | Found Jif Ineo's Gadget Shoppe.
  3758 | D:4      | Found a sparkling altar of Nemelex Xobeh.
  3846 | D:4      | Found Igylas's Armour Shoppe.
  4059 | D:5      | Entered Level 5 of the Dungeon
  4386 | D:5      | Found a staircase to the Ecumenical Temple.
  4776 | D:5      | Found a bloodstained altar of Trog.
  4895 | D:6      | Noticed a green death
  4896 | D:6      | Found a burning altar of Makhleb.
  4922 | D:6      | Reached skill level 7 in Maces & Flails
  4986 | D:6      | Noticed Pikel
  5012 | D:6      | Killed Pikel
  5012 | D:6      | Reached skill level 8 in Maces & Flails
  5012 | D:6      | Reached skill level 1 in Stealth
  5012 | D:6      | Reached XP level 8. HP: 78/78 MP: 2/7
  5106 | D:6      | Found a shimmering altar of Xom.
  5264 | D:6      | Found a glowing silver altar of Zin.
  5265 | D:6      | Noticed an angel
  5333 | D:6      | HP: 1/78 [orc warrior/halberd (23)]
  5334 | D:6      | Mangled by an orc warrior

Vault maps used:
D:1:      saegor_arrival_simple_d
D:3:      old_standard_altar, gammafunk_temple_overflow_pools
D:4:      grunt_temple_overflow_forces_of_nature, old_standard_altar,
          serial_shops, shop, shop_statue, kennysheep_mini,
          nicolae_shop_statue_plus, minmay_close_crescents, uniq_blork_the_orc
D:5:      kennysheep_mini_moat, minmay_temple_entry_purple_smoke, first_bread
D:6:      grunt_temple_overflow_order_and_chaos_2,
          nicolae_ru_sacrificial_ziggurat, serial_glass, glass_columns_a,
          glass_columns_c, basic_altar, uniq_pikel

Skill      XL: |  1  2  3  4  5  6  7 |
---------------+----------------------+-----
Maces & Flails | 3 4 5 6 8 |  8.8
Dodging        | 3 |  3.9
Fighting       | 3 |  3.9
Stealth        | 1 |  1.0

Action                   |  1- 3 |  4- 6 |  7- 9 || total
-------------------------+-------+-------+-------++-------
Melee: Mace              |   119 |   245 |    99 ||   463
Invok: Berserk           |       |     2 |     3 ||     5
  Use: Scroll            |     3 |     8 |     2 ||    13
       Potion            |     3 |     6 |     1 ||    10
 Stab: Sleeping          |     1 |       |       ||     1
  Eat: Chunk             |    14 |    26 |    12 ||    52
Armor: Animal skin       |    34 |    87 |    22 ||   143
Dodge: Dodged            |    44 |   138 |    44 ||   226

Table legend:
 A = Spawn XP
 B = Non-spawn XP
 C = Spawn XP percentage of total XP
 D = Spawn monster count
 E = Non-spawn monster count
 F = Spawn count percentage of total count
 G = Total turns spent on level
                    A         B        C        D         E        F      G
               +---------+---------+-------+---------+---------+-------+---------
         Total |       0 |    2186 |   0.0 |       0 |     128 |   0.0 |  5334
               +---------+---------+-------+---------+---------+-------+---------
           D:1 |       0 |      66 |   0.0 |       0 |      33 |   0.0 |  1209
           D:2 |       0 |      82 |   0.0 |       0 |      26 |   0.0 |  1152
           D:3 |       0 |     166 |   0.0 |       0 |      32 |   0.0 |   754
           D:4 |       0 |     716 |   0.0 |       0 |      23 |   0.0 |   944
           D:5 |       0 |      47 |   0.0 |       0 |       4 |   0.0 |   777
           D:6 |       0 |    1109 |   0.0 |       0 |      10 |   0.0 |   498
               +---------+---------+-------+---------+---------+-------+---------
